 Dungeon Crawl Stone Soup version 0.16-a0-4115-ga5ed934 (webtiles) character file.

31 dysrexia the Ruffian (level 3, -2/31 HPs)
             Began as a Naga Transmuter on Mar 1, 2015.
             Slain by an adder (4 damage)
             ... on level 2 of the Dungeon.
             The game lasted 00:04:54 (1587 turns).

dysrexia the Ruffian (Naga Transmuter)              Turns: 1587, Time: 00:04:54

Health: -2/31      AC:  2    Str: 12    XL:     3   Next: 22%
Magic:  5/6        EV:  9    Int: 14    God:
Gold:   78         SH:  0    Dex: 11    Spells: 1 memorised, 5 levels left

rFire  . . .     SeeInvis +       - Unarmed
rCold  . . .     Clarity  .     k - +0 leather armour
rNeg   . . .     SustAb   .     (no shield)
rPois  +         Gourm    .     (helmet restricted)
rElec  .         Spirit   .     (no cloak)
rCorr  .         Warding  .     (no gloves)
rMut   .         Stasis   .     (no barding)
MR     .....                    (no amulet)
Stlth  +.........               (no ring)
                                (no ring)

@: lethally poisoned (-2 -> -5), appendage, very slightly contaminated, very
slow, not resistant to hostile enchantments, very unstealthy
A: spit poison, horns 2, see invisible, deformed body, poison resistance,
slowness 2, AC +1
a: Spit Poison, End Transformation


You were on level 2 of the Dungeon.
You were hungry.
You had grown temporary horns.
You visited 1 branch of the dungeon, and saw 2 of its levels.

You collected 78 gold pieces.

Inventory:

Missiles
 b - 12 arrows
 e - 3 curare-tipped needles
 i - 11 stones (quivered)
Armour
 c - a +0 robe
 k - a +0 leather armour (worn)
Scrolls
 g - a scroll of immolation {unknown}
 h - a scroll of amnesia {unknown}
Books
 d - a book of Changes

   Spells                             Type                      Level
   a - Beastly Appendage              Transmutation                1
   b - Sticks to Snakes               Transmutation                2
   c - Spider Form                    Transmutation/Poison         3
   d - Ice Form                       Ice/Transmutation            4
   e - Blade Hands                    Transmutation                5
Comestibles
 a - a bread ration
 f - a slice of pizza
 j - a chunk of flesh


   Skills:
 + Level 1.0 Fighting
 + Level 0.1 Armour
 + Level 2.1 Dodging
 + Level 0.4 Stealth
 + Level 3.1 Unarmed Combat
 + Level 2.2 Spellcasting
 + Level 2.5 Transmutations


You had 5 spell levels left.
You knew the following spells:

 Your Spells              Type           Power        Failure   Level  Hunger
a - Beastly Appendage     Trmt           #.....       12%         1    #......


Dungeon Overview and Level Annotations

Branches:
Dungeon (2/15)

Altars:


Innate Abilities, Weirdness & Mutations

You cannot wear boots.
You can spit poison.
Your serpentine skin is tough (AC +1).
You have supernaturally acute eyesight.
Armour fits poorly on your strangely shaped body.
Your system is resistant to poisons.
You cover ground very slowly.
You have a pair of horns on your head.


Message History

The adder bites you.
You closely miss the adder. Your punch misses the adder. The adder bites you.
You closely miss the adder. The adder barely misses you.
You miss the adder. The adder bites you.
You barely miss the adder. The adder barely misses you.
The adder bites you but does no damage.
You hit the adder but do no damage. The adder bites you.
You are poisoned.
The adder poisons you!
You completely miss the adder.
You feel sick. The adder bites you.
* * * LOW HITPOINT WARNING * * *
Casting: Beastly Appendage
Confirm with . or Enter, or press ? or * to list all spells.
You grow a pair of large bovine horns.
The adder bites you.
* * * LOW HITPOINT WARNING * * *
You aren't carrying any potions.
You barely miss the adder. Your headbutt misses the adder.
* * * LOW HITPOINT WARNING * * *
You feel sick. The adder bites you.
You die...

♣♣♣♣♣♣ ♣♣♣....♣♣
♣♣♣..♣♣♣..♣♣♣♣♣♣
♣♣♣..♣♣♣
♣........
♣♣@.♣♣♣
♣♣...♣♣♣♣ ♣♣S♣♣♣
♣♣♣♣...♣ ♣.♣♣
♣♣..)..♣♣
♣.♣.♣♣.♣♣
♣♣.♣♣♣♣....♣
♣....S.♣ ♣.♣♣
♣♣♣... ♣.....♣♣♣
♣.♣♣ .. ♣.?(..
♣..♣♣ ♣ ###
♣♣...♣ ♣♣♣^♣ #.#
♣♣♣♣ ♣♣.♣♣♣


You could see an adder.

Vanquished Creatures
  4 giant cockroaches
  3 goblins (D:1)
  5 hobgoblins
  A jackal (D:2)
  3 kobolds
  3 bats (D:1)
  2 giant geckos
  3 giant newts
  4 rats
28 creatures vanquished.

Notes
Turn   | Place    | Note
--------------------------------------------------------------
     0 | D:1      | dysrexia, the Naga Transmuter, began the quest for the Orb.
     0 | D:1      | Reached XP level 1. HP: 18/18 MP: 3/3
   343 | D:1      | Reached XP level 2. HP: 13/25 MP: 2/4
  1288 | D:2      | Reached XP level 3. HP: 12/31 MP: 4/6
  1587 | D:2      | Slain by an adder

Action                   || total
-------------------------++-------
Melee: Unarmed           ||   132
 Cast: Beastly Appendage ||    14
 Stab: Sleeping          ||     1
  Eat: Chunk             ||     2
